 Dungeon Crawl Stone Soup version 0.18-a0-514-ga7d9996 (webtiles) character file.

83969 ReteAZ the Executioner (level 15, -1/141 HPs)
             Began as a Hill Orc Fighter on Dec 3, 2015.
             Was the Champion of Zin.
             Shot with an arrow by a centaur warrior (13 damage)
             ... on level 13 of the Dungeon.
             The game lasted 01:20:38 (32099 turns).

ReteAZ the Executioner (Hill Orc Fighter)          Turns: 32099, Time: 01:20:39

Health: -1/141     AC: 24    Str: 24    XL:     15   Next: 78%
Magic:  0/24       EV: 11    Int:  8    God:    Zin [******]
Gold:   1824       SH:  0    Dex: 12    Spells: 0 memorised, 14 levels left

rFire  . . .     SeeInvis .     z - +2 executioner's axe
rCold  . . .     Clarity  .     f - +2 plate armour
rNeg   . . .     SustAt   .     (shield currently unavailable)
rPois  .         Gourm    .     F - +0 helmet
rElec  .         Spirit   +     M - +0 cloak
rCorr  .         Dismiss  .     (no gloves)
rMut   .         Stasis   .     J - +0 pair of boots
MR     +....                    o - amulet of guardian spirit
Stlth  ..........               n - +2 ring of protection
                                x - +4 ring of evasion

@: somewhat resistant to hostile enchantments, extremely unstealthy
A: no striking features
a: Recite, Vitalisation, Imprison, Sanctuary, Donate Gold, Cure All Mutations,
Renounce Religion


You were on level 13 of the Dungeon.
You worshipped Zin.
Zin was exalted by your worship.
You were very hungry.

You visited 4 branches of the dungeon, and saw 26 of its levels.

You collected 2619 gold pieces.
You spent 364 gold pieces at shops.
You donated 431 gold pieces to Zin.

Inventory:

Hand Weapons
 a - a +1 hand axe of chopping
 z - a +2 executioner's axe (weapon)
Missiles
 m - 64 tomahawks (quivered)
 S - 5 tomahawks of returning
Armour
 c - a +0 shield
 f - a +2 plate armour (worn)
 F - a +0 helmet (worn)
 J - a +0 pair of boots (worn)
 M - a +0 cloak (worn)
Jewellery
 n - a +2 ring of protection (right hand)
 o - an amulet of guardian spirit (around neck)
 w - an uncursed ring of magical power
 x - a +4 ring of evasion (left hand)
 R - an uncursed ring of protection from fire
Wands
 b - a wand of digging (13)
 k - a wand of disintegration (16)
 N - a wand of fire (5)
 V - a wand of random effects (18)
Scrolls
 g - a scroll of magic mapping
 j - 4 scrolls of fear
 p - 3 scrolls of enchant armour
 q - 12 scrolls of remove curse
 r - 2 scrolls of teleportation
 s - a scroll of fog
 A - a scroll of identify
Potions
 d - 4 potions of might
 l - 2 potions of curing
 t - 3 potions of flight
 B - 2 potions of haste
 K - 4 potions of brilliance
 P - a potion of agility
 Q - a potion of resistance
Books
 v - a book of the Dragon

   Spells                             Type                      Level
   a - Flame Tongue                   Conjuration/Fire             1
   b - Cause Fear                     Hexes                        4
   c - Bolt of Fire                   Conjuration/Fire             6
   d - Dragon Form                    Transmutation                7
   e - Dragon's Call                  Summoning                    9
Miscellaneous
 y - a phantom mirror
Comestibles
 e - 6 bread rations {@e1}
 h - 12 meat rations {@e2}
 I - 6 royal jellies
 O - a beef jerky
 U - 2 fruits


   Skills:
 + Level 15.5 Fighting
 * Level 22.0 Axes
 - Level 12.0 Armour
 - Level 8.2 Shields
 - Level 12.0 Invocations


You had 14 spell levels left.
You didn't know any spells.

Dungeon Overview and Level Annotations

Branches:
Dungeon (13/15)            Temple (1/1) D:6            Lair (8/8) D:11
  Swamp (0/4) Lair:3       Spider (0/4) Lair:6        Slime (0/6) Lair:6
    Orc (4/4) D:10            Elf (0/3) Orc:3
 Vaults: D:13-14

Altars:
Ashenzari
Cheibriados
Dithmenos
Elyvilon
Fedhas
Gozag
Kikubaaqudgha
Makhleb
Nemelex Xobeh
Okawaru
Qazlal
Ru
Sif Muna
Trog
Vehumet
Xom
Yredelemnul
Zin
The Shining One
Beogh
Jiyva

Shops:
Orc:1 =   Orc:3 ?([*   Orc:4 =[*%

Annotations:
D:13 Nessos
Lair:1 blinkfrog's ghost, novice DDNe


Message History

The kobold demonologist casts a cantrip, but nothing happens.
A centaur warrior comes into view. It is wielding a shortbow.
* * * LOW HITPOINT WARNING * * *
You feel extremely sick.
* * * LOW HITPOINT WARNING * * *
You feel very sick.
The centaur warrior shoots an arrow.
The arrow hits you!
* * * LOW HITPOINT WARNING * * *
You see here an arrow.
* * * LOW HITPOINT WARNING * * *
You feel very sick.
* * * LOW HITPOINT WARNING * * *
You feel very sick.
The centaur warrior shoots an arrow.
The arrow hits you!
* * * LOW HITPOINT WARNING * * *
The centaur warrior shoots an arrow.
The arrow hits you but does no damage.
You see here 2 arrows.
Drink which item? (? for menu, Esc to quit)
You feel better.
The centaur warrior shoots an arrow.
The arrow hits you!
You die...

c.#.###### #..(#
#[.#.####.#
..F...........##
#.........#
..#.########..
#.############
......... #..#
#.............
......... #...
#.###########.
.........# #.#.#
#.# #.
.........#
#.#..####.# #.
.........#
#......(..# #.
.......(.#
####.@##..# ###.
...>#####
##.##(.# #.?.
....# #..#..#
#.## ##.#..# #.#
....# #.# #.c.#
#.# #..K# #.##
##..# #... ...#
####


You could see a centaur warrior.

Vanquished Creatures
  Maud (Lair:7)
  An orc warlord (Orc:4)
  Josephine (Lair:4)
  A hydra (Lair:8)
  Erolcha (D:8)
  The ghost of P0WERM0DE the Fighter, a novice DrAK of Lugonu (D:10)
  A centaur warrior (D:11)
  10 death yaks
  The ghost of feamirim the Cleaver, a novice DsBe of Trog (D:8)
  2 tengu warriors (D:13)
  4 orc high priests (Orc:4)
  Sonja (Lair:6)
  2 unseen horrors
  2 hill giants (D:11)
  Pikel (D:7)
  A lindwurm (Lair:6)
  3 orc knights (Orc:4)
  A necromancer (Lair:6)
  3 orc sorcerers (Orc:4)
  A griffon (Lair:8)
  24 elephants
  3 ugly things
  A cyclops (D:12)
  Maurice (D:13)
  8 black mambas
  12 spiny frogs
  2 torpor snails
  A gargoyle (D:13)
  3 fire drakes
  An efreet (D:13)
  3 komodo dragons
  A spriggan druid (Lair:8)
  4 giant leeches (Lair:3)
  3 polar bears (Lair:8)
  A boulder beetle (Lair:7)
  6 trolls
  A hornet zombie (D:13)
  7 blink frogs
  8 slime creatures (D:12)
  A hill giant zombie (D:10)
  13 spriggans (Lair:8)
  8 redbacks (Lair:8)
  6 deep elf magi
  5 hungry ghosts
  7 basilisks
  3 wyverns
  5 wraiths
  Menkaure (D:5)
  6 hippogriffs
  37 yaks
  4 wargs
  29 wolves
  10 water moccasins
  2 mottled dragons
  6 porcupines
  A soldier ant (D:12)
  An ice beast (D:6)
  3 sky beasts
  4 phantoms
  5 black bears
  An eye of draining (D:9)
  34 orc warriors
  4 wasps
  19 ogres
  15 centaurs
  12 crocodiles
  A big kobold (D:12)
  20 giant frogs
  A water moccasin zombie (D:8)
  5 scorpions
  A wyvern skeleton (D:12)
  A troll zombie (D:10)
  An oklob sapling (D:6)
  5 wights (D:11)
  A troll skeleton (D:9)
  10 killer bees (D:11)
  3 spriggan skeletons (D:9)
  An electric eel (Lair:6)
  5 crimson imps
  2 centaur zombies
  11 centaur skeletons
  2 giant frog zombies
  3 basilisk zombies (Lair:6)
  35 orc priests
  8 hounds
  2 jellies
  34 orc wizards
  A giant frog skeleton (D:5)
  8 iguanas
  Natasha (twice) (D:3)
  4 worker ants
  21 sheep
  5 ogre zombies (D:10)
  A hound zombie (D:10)
  A worker ant zombie (D:10)
  6 adders
  A gnoll (Orc:4)
  59 river rats
  3 shadow imps
  2 oozes (D:1)
  An adder zombie (D:5)
  233 orcs
  A ball python (D:4)
  8 bats
  5 goblins
  6 hobgoblins
  14 jackals
  11 kobolds
  2 giant cockroaches
  8 giant geckos
  A giant gecko skeleton (D:7)
  2 giant newts (D:2)
  2 goblin skeletons (D:10)
  3 goblin zombies (D:10)
  2 hobgoblin skeletons (D:10)
  5 hobgoblin zombies (D:10)
  3 orc skeletons (D:10)
  10 orc zombies (D:10)
  8 quokkas
  A quokka skeleton (D:4)
  8 rats
  10 fungi
  12 plants
993 creatures vanquished.

Vanquished Creatures (others)
  5 sheep (Lair:7)
  An ogre zombie (D:10)
  18 fungi
  15 plants
39 creatures vanquished.

Grand Total: 1032 creatures vanquished

Notes
Turn   | Place    | Note
--------------------------------------------------------------
     0 | D:1      | ReteAZ the Hill Orc Fighter began the quest for the Orb.
     0 | D:1      | Reached XP level 1. HP: 19/19 MP: 1/1
    30 | D:1      | Reached XP level 2. HP: 20/27 MP: 2/2
   576 | D:1      | Reached XP level 3. HP: 33/33 MP: 3/3
   765 | D:2      | Reached skill level 4 in Fighting
  1303 | D:3      | Noticed Natasha
  1588 | D:3      | Reached XP level 4. HP: 40/40 MP: 4/4
  1833 | D:3      | Killed Natasha
  1833 | D:3      | Reached skill level 5 in Axes
  2100 | D:3      | Reached XP level 5. HP: 37/47 MP: 5/5
  2122 | D:3      | Noticed Natasha
  2133 | D:3      | Killed Natasha
  2361 | D:4      | Reached skill level 6 in Axes
  2406 | D:4      | Reached XP level 6. HP: 49/55 MP: 6/6
  2415 | D:4      | Reached skill level 5 in Fighting
  2874 | D:4      | Found a glowing golden altar of the Shining One.
  3238 | D:5      | Entered Level 5 of the Dungeon
  3248 | D:5      | Reached skill level 7 in Axes
  3306 | D:5      | Found a stormy altar of Qazlal.
  3364 | D:5      | Reached skill level 5 in Armour
  3364 | D:5      | Reached XP level 7. HP: 56/61 MP: 7/7
  3433 | D:5      | Noticed Menkaure
  3433 | D:5      | Noticed a troll
  3686 | D:5      | Found an opulent altar of Gozag.
  3720 | D:5      | Reached skill level 8 in Axes
  3875 | D:5      | Killed Menkaure
  4196 | D:5      | Killed a troll
  4196 | D:5      | Reached skill level 9 in Axes
  4196 | D:5      | Reached XP level 8. HP: 27/71 MP: 7/8
  4389 | D:5      | Found a blossoming altar of Fedhas.
  4497 | D:6      | Found a white marble altar of Elyvilon.
  4592 | D:6      | Found a staircase to the Ecumenical Temple.
  4638 | Temple   | Entered the Ecumenical Temple
  4867 | Temple   | Became a worshipper of Zin the Law-Giver
  4867 | Temple   | Reached * piety under Zin
  5256 | D:6      | Found a shadowy altar of Dithmenos.
  5288 | D:6      | Reached skill level 10 in Axes
  5628 | D:6      | Reached XP level 9. HP: 79/79 MP: 9/9
  5903 | D:7      | Noticed Pikel
  5962 | D:7      | Killed Pikel
  5962 | D:7      | Reached skill level 11 in Axes
  6026 | D:7      | Reached ** piety under Zin
  6140 | D:8      | Noticed feamirim's ghost (novice DsBe)
  6331 | D:8      | Noticed Erolcha
  6348 | D:8      | Killed feamirim's ghost
  6348 | D:8      | Reached skill level 12 in Axes
  6372 | D:8      | Killed Erolcha
  6372 | D:8      | Reached skill level 13 in Axes
  6372 | D:8      | Reached XP level 10. HP: 54/91 MP: 10/10
  6433 | D:8      | Donated 149 gold pieces to Zin
  6434 | D:8      | Donated 75 gold pieces to Zin
  6590 | D:8      | Reached *** piety under Zin
  6686 | D:8      | Found a sparkling altar of Nemelex Xobeh.
  6754 | D:8      | Reached skill level 1 in Invocations
  6872 | D:8      | Found a white marble altar of Elyvilon.
  7302 | D:9      | Found a radiant altar of Vehumet.
  7307 | D:9      | Reached **** piety under Zin
  7570 | D:9      | Identified the Incunabulum of the Ten Ghosts
  7671 | D:9      | Found a shimmering altar of Xom.
  7799 | D:9      | Killed an unseen horror
  7799 | D:9      | Reached skill level 10 in Fighting
  7799 | D:9      | Reached skill level 14 in Axes
  8738 | D:10     | Entered Level 10 of the Dungeon
  8800 | D:10     | Reached XP level 11. HP: 72/99 MP: 14/14
  8858 | D:10     | Reached ***** piety under Zin
  9166 | D:10     | Found a staircase to the Orcish Mines.
  9648 | D:10     | Reached skill level 5 in Invocations
  9831 | D:10     | Noticed P0WERM0DE's ghost (novice DrAK)
  9868 | D:10     | Killed P0WERM0DE's ghost
  9868 | D:10     | Reached skill level 15 in Axes
 10615 | D:11     | Reached skill level 10 in Armour
 10921 | D:11     | Noticed a hill giant
 11172 | D:11     | Noticed a centaur warrior
 11207 | D:11     | Killed a centaur warrior
 11207 | D:11     | Reached skill level 5 in Shields
 11209 | D:11     | Reached ****** piety under Zin
 11397 | D:11     | Noticed a hill giant
 11453 | Orc:1    | Entered Level 1 of the Orcish Mines
 11548 | Orc:1    | Found a roughly hewn altar of Beogh.
 11751 | D:11     | Killed a hill giant
 11751 | D:11     | Reached XP level 12. HP: 57/106 MP: 14/17
 11787 | D:11     | Reached skill level 16 in Axes
 12370 | D:11     | Found a staircase to the Lair.
 12596 | Lair:1   | Entered Level 1 of the Lair of Beasts
 12847 | Lair:1   | Noticed a seven-headed hydra
 14557 | Lair:3   | Noticed Sonja
 15034 | Lair:1   | Noticed blinkfrog's ghost (novice DDNe)
 16456 | Orc:1    | Found Yfutoguw's Jewellery Boutique.
 16650 | Orc:3    | Found Niluriun's Magic Scroll Emporium.
 16699 | Orc:3    | Found a staircase to the Elven Halls.
 17044 | Orc:3    | Found Keuvicsa's Antique Weapon Shop.
 17052 | Orc:3    | Bought an executioner's axe for 280 gold pieces
 17104 | Orc:3    | Reached XP level 13. HP: 51/114 MP: 12/20
 17341 | Orc:3    | Found Binaif's Armour Emporium.
 17417 | Orc:3    | Found Comi Ufa's Assorted Antiques.
 17544 | Orc:3    | Reached skill level 10 in Invocations
 17875 | Lair:3   | Found a staircase to the Swamp.
 18864 | Lair:4   | Noticed Josephine
 18889 | Lair:4   | Killed Josephine
 20314 | Lair:6   | Reached skill level 17 in Axes
 20345 | Lair:6   | Killed Sonja
 21083 | Lair:6   | Found a viscous altar of Jiyva.
 21083 | Lair:6   | Found a staircase to the Slime Pits.
 21838 | Lair:6   | Found a hole to the Spider Nest.
 22294 | Lair:7   | Noticed Maud
 22313 | Lair:7   | Killed Maud
 22313 | Lair:7   | Reached skill level 18 in Axes
 22313 | Lair:7   | Reached XP level 14. HP: 56/127 MP: 12/23
 23415 | Lair:7   | Found a shimmering altar of Xom.
 23985 | Lair:8   | Entered Level 8 of the Lair of Beasts
 24676 | Lair:8   | Reached skill level 19 in Axes
 26431 | Lair:8   | Reached skill level 20 in Axes
 26925 | Lair:8   | Reached XP level 15. HP: 128/139 MP: 22/24
 26971 | Lair:8   | Identified Pumeg's Papyrus of Transformation
 27850 | Orc:4    | Entered Level 4 of the Orcish Mines
 28808 | Orc:4    | Reached skill level 21 in Axes
 28824 | Orc:4    | Identified the Catalogue of the Excruciating Blaze
 28895 | Orc:4    | Found a roughly hewn altar of Beogh.
 29345 | Orc:4    | Found Duxi's Food Boutique.
 29366 | Orc:4    | Found Visalosm's Assorted Antiques.
 29386 | Orc:4    | Bought a scroll of teleportation for 84 gold pieces
 29423 | Orc:4    | Found a roughly hewn altar of Beogh.
 29489 | Orc:4    | Reached skill level 15 in Fighting
 29759 | Orc:4    | Found Iplaeb's Armour Emporium.
 30130 | Orc:4    | Found Yreh's Jewellery Shop.
 31367 | D:13     | Noticed Maurice
 31389 | D:13     | Killed Maurice
 31557 | D:13     | Reached skill level 22 in Axes
 32063 | D:13     | Noticed Nessos
 32098 | D:13     | HP: 4/141 [centaur warrior/arrow (6)]
 32099 | D:13     | Shot with an arrow by a centaur warrior

Vault maps used:
D:1:      moated_graveyard_arrival
D:3:      first_bread, serial_park_tiny_2, uniq_natasha
D:4:      lemuel_crystal_altar
D:5:      nicolae_gozag_cash_rules_everything_around_me,
          nicolae_qazlal_eye_of_the_storm, fedhas_altar_4, uniq_menkaure
D:6:      grunt_dithmenos_smoke, minmay_temple_entry_oklob, eino_tiny_chamber,
          elyvilon_altar_3
D:7:      uniq_pikel
D:8:      kennysheep_mini_moat, nemelex_deck, uniq_erolcha
D:9:      kennysheep_little_box, basic_altar, hangedman_tell_no_tales
D:10:     zombieorc2_lemuel, serial_curves, eino_curves_02, eino_curves_02,
          feat_on_display
D:11:     lair_0_dummy
D:13:     uniq_nessos, uniq_maurice
Temple:   water_room_temple_b_12
Lair:1:   beast_lair_carwin_large_2
Lair:2:   serial_bayou_pond_c
Lair:3:   minmay_swamp_entry_worms, st_stairs_7,
          grunt_forest_small_clearing_treed, uniq_sonja
Lair:4:   serial_bayou_shore_a, uniq_josephine
Lair:5:   serial_bayou_shore_b
Lair:6:   pond_and_an_island_with_a_cottage, nicolae_spider_entry_orb_guardian,
          slime_altar_1
Lair:7:   kb_xom_exploding_sheep, uniq_maud
Lair:8:   minmay_lair_end_enchanted_forest, hangedman_lair_unloving_vines,
          kennysheep_basilisk_garden, infiniplex_staircase_pool_2
Orc:1:    serial_shops, shop, mines1_david
Orc:3:    serial_shops, nicolae_shop_crystal, nicolae_shop_stone,
          nicolae_shop_temple_entry_statues_fountains, shop,
          nicolae_orc_pool_cavern
Orc:4:    pubby_orc_utopia, serial_shops

Action                   |  1- 3 |  4- 6 |  7- 9 | 10-12 | 13-15 || total
-------------------------+-------+-------+-------+-------+-------++-------
Melee: War axe           |   107 |   144 |       |       |       ||   251
       Hand axe          |       |    12 |   295 |  1790 |       ||  2097
       Executioner's axe |       |       |       |    40 |  1484 ||  1524
Throw: Tomahawk          |       |     2 |     5 |     9 |     9 ||    25
       Throwing net      |       |       |       |     1 |     2 ||     3
Invok: Donate Gold       |       |       |       |     2 |       ||     2
       Recite            |       |       |       |     7 |    19 ||    26
       Imprison          |       |       |       |       |     2 ||     2
Evoke: Wand              |       |       |       |     1 |       ||     1
  Use: Potion            |       |       |     5 |     5 |     7 ||    17
       Scroll            |       |       |       |    23 |    15 ||    38
 Stab: Confused          |       |       |       |    10 |     9 ||    19
       Invisible         |       |       |       |     5 |     1 ||     6
       Paralysed         |       |       |       |    13 |    15 ||    28
  Eat: Chunk             |     2 |     6 |     7 |    19 |    28 ||    62
       Beef jerky        |       |       |     1 |       |     1 ||     2
       Fruit             |       |       |     1 |     9 |     3 ||    13
       Pizza             |       |       |       |     4 |       ||     4
       Bread ration      |       |       |       |     4 |     4 ||     8
